Map: Fields of Death

Players

JohnMcClane - Winner!

  • Race: Protoss Protoss
  • League: Gold

Hindulaatti - Winner!

  • Race: Terran Terran

Blackmetal

  • Race: Protoss Protoss
  • League: Platinum

MrPeitsche

  • Race: Zerg Zerg

VOD

Have the link to the VOD?

Description

Time

  • Played on: Feb. 3, 2016, 8:19 a.m.
  • Length: 16:13
Show
View Real Time Build Order
Export as new Build Order

JohnMcClane Protoss - Winner!

Build Orders:  

Get SALT Encoding   

  12  0:01  Probe (Chrono Boost)  
  13  0:11  Probe (Chrono Boost)  
  14  0:17  Pylon  
  14  0:22  Probe (Chrono Boost)  
  15  0:36  Probe (Chrono Boost)  
  15  0:38  Gateway  
  16  0:46  Probe (Chrono Boost)  
  18  0:57  Assimilator, Probe (Chrono Boost)  
  18  1:07  Probe (Chrono Boost)  
  19  1:18  Probe (Chrono Boost)  
  20  1:20  Pylon  
  20  1:28  Cybernetics Core  
  20  1:34  Probe (Chrono Boost)  
  21  1:45  Probe (Chrono Boost)  
  22  2:04  Warp Gate (Chrono Boost)  
  22  2:07  Probe  
  23  2:19  Probe  
  23  2:21  Pylon  
  24  2:25  Pylon  
  23  2:45  Gateway  
  23  2:50  Gateway  
  23  2:51  Gateway  
  23  2:52  Mothership Core  
  23  2:53  Gateway  
  23  2:56  Gateway  
  25  3:07  Assimilator  
  25  3:14  Pylon  
  25  3:30  Pylon  
  25  3:32  Twilight Council  
  25  3:54  Zealot x3  
  25  3:55  Zealot x3  
  37  4:09  Charge (Chrono Boost)  
  33  4:18  Zealot x3  
  25  4:38  Stargate  
  25  4:59  Zealot x4  
  33  5:00  Zealot  
  35  5:21  Nexus  
  35  5:30  Pylon  
  35  5:51  Zealot x2  
  35  5:52  Zealot x2  
  33  5:58  Pylon  
  33  6:06  Void Ray (Chrono Boost)  
  37  6:11  Zealot x2  
  41  6:32  Nexus  
  41  6:43  Pylon  
  45  7:01  Void Ray (Chrono Boost)  
  45  7:14  Templar Archives  
  45  7:34  Probe  
  46  7:38  Void Ray (Chrono Boost)  
  50  7:46  Probe  
  51  8:02  High Templar x2  
  51  8:04  Zealot x3  
  61  8:06  Archon  
  61  8:11  Assimilator  
  59  8:28  Psionic Storm  
  59  8:34  Probe  
  59  8:35  Void Ray (Chrono Boost), Probe  
  63  9:04  Assimilator  
  63  9:12  Stalker  
  63  9:13  Stalker x2  
  69  9:30  Probe  
  69  9:31  Probe  
  71  9:38  Pylon  
  71  9:39  Pylon  
  71  9:41  Pylon  
  71  9:59  High Templar x2  
  75  10:01  High Templar  
  77  10:14  Forge  
  77  10:16  Gateway  
  67  10:41  Probe  
  67  10:42  Probe  
  69  11:03  Archon  
  63  11:11  Nexus  
  57  11:12  Pylon, Zealot, Protoss Ground Armor Level 1 (Chrono Boost)  
  57  11:13  Zealot x3  
  55  11:28  Gateway  
  51  11:33  Gateway  
  43  11:45  High Templar x5  
  53  12:08  Probe  
  52  12:10  Photon Cannon  
  48  12:19  Photon Cannon  
  48  12:26  Probe x2  
  48  12:28  High Templar x4  
  58  12:32  Archon x2  
  58  12:39  Assimilator  
  58  12:42  Probe  
  58  12:43  Probe x2  
  61  12:53  Probe  
  61  12:55  Probe x2  
  61  12:58  High Templar x2  
  66  13:02  Archon  
  66  13:04  Probe  
  66  13:07  Probe  
  66  13:08  Probe  
  69  13:14  Probe  
  69  13:19  Probe  
  71  13:39  High Templar x2  
  71  13:40  Zealot x2  
  80  13:41  Probe (Chrono Boost)  
  80  13:43  Assimilator, Probe (Chrono Boost)  
  69  14:34  Archon  
  69  14:38  High Templar x2, Zealot  
  65  14:39  Zealot x5  
  75  14:54  Forge, Pylon  
  75  14:58  Nexus  
  75  15:00  Pylon  
  75  15:04  Pylon  
  75  15:07  Assimilator  
  75  15:11  Assimilator  
  63  15:14  Pylon  
  63  15:41  Zealot x4  
  69  15:50  Zealot x3  
  69  15:51  Probe x2  
Show
View Real Time Build Order
Export as new Build Order

Hindulaatti Terran - Winner!

Build Orders: Reaper Expand, MMM Bio 

Get SALT Encoding   

  12  0:01  SCV  
  13  0:13  SCV  
  14  0:19  Supply Depot  
  14  0:25  SCV  
  15  0:41  SCV  
  16  0:53  SCV  
  16  0:54  Barracks  
  17  1:01  Refinery  
  17  1:06  SCV  
  18  1:22  SCV  
  18  1:23  Barracks  
  19  1:45  Command Center, Reaper  
  20  1:52  Orbital Command  
  20  2:03  Supply Depot  
  20  2:13  Reaper  
  21  2:18  SCV  
  21  2:22  Reaper  
  23  2:23  Refinery  
  23  2:48  Barracks  
  23  2:49  SCV  
  24  3:14  Reaper x2  
  26  3:26  Orbital Command, SCV  
  27  3:38  SCV  
  27  3:39  Reaper  
  29  3:42  Factory  
  29  3:46  Reaper  
  30  3:49  Reaper  
  30  3:50  SCV  
  30  3:52  Refinery  
  30  3:53  Supply Depot, SCV  
  33  4:02  SCV  
  33  4:05  SCV  
  35  4:15  SCV  
  37  4:28  Factory Tech Lab  
  37  4:30  Starport, Barracks Reactor  
  35  4:37  Barracks Tech Lab, SCV  
  35  4:38  Barracks Tech Lab, SCV  
  37  4:43  Barracks Reactor  
  37  4:48  Supply Depot  
  37  4:49  SCV  
  37  4:50  SCV  
  37  4:51  Supply Depot  
  39  4:58  Marauder, Stimpack  
  41  5:04  SCV  
  41  5:05  SCV  
  43  5:10  Refinery, Starport Reactor  
  43  5:13  Starport Reactor  
  43  5:14  Marine x2  
  43  5:17  SCV x2  
  43  5:18  Cyclone  
  43  5:19  Marine  
  51  5:22  Supply Depot  
  51  5:25  Supply Depot  
  51  5:27  Supply Depot  
  51  5:29  SCV x2  
  51  5:31  Engineering Bay  
  51  5:32  Marine  
  51  5:34  Engineering Bay  
  54  5:39  Marine x2  
  54  5:40  Marauder  
  50  5:52  Marine  
  50  5:55  Marine  
  50  5:57  Marine x2  
  50  6:01  Marauder  
  51  6:09  Terran Infantry Armor Level 1, Terran Infantry Weapons Level 1  
  51  6:10  SCV x2  
  49  6:12  Marine  
  48  6:18  Hellion  
  48  6:22  SCV x2  
  48  6:23  Marauder  
  52  6:34  SCV x2  
  54  6:44  Marauder, Marine x2  
  54  6:46  Marine  
  58  6:48  Command Center  
  59  6:54  Missile Turret  
  59  6:55  Missile Turret  
  59  6:59  Marine  
  60  7:02  Combat Shields, Marine x2  
  60  7:06  Marauder  
  60  7:07  Medivac x2  
  68  7:12  SCV  
  68  7:13  SCV  
  70  7:21  Siege Tank  
  73  7:28  SCV x2  
  73  7:29  Marauder, Marine x4  
  81  7:38  Medivac x2  
  81  7:40  SCV  
  86  7:46  Marine  
  86  7:47  Marine x3  
  86  7:50  Armory  
  86  7:51  Marauder  
  92  7:54  Supply Depot x2  
  92  7:57  Supply Depot  
  92  7:58  Supply Depot  
  92  8:04  Marine  
  92  8:05  Marine x2  
  95  8:06  Barracks  
  95  8:10  Marine  
  95  8:11  Factory Reactor  
  95  8:12  Marauder  
  98  8:21  Concussive Shells  
  96  8:33  Marauder  
  96  8:37  Marine x3  
  96  8:38  Marine  
  96  8:39  Terran Infantry Weapons Level 2, Terran Infantry Armor Level 2  
  100  8:45  Orbital Command  
  100  8:46  Missile Turret  
  98  8:55  Marauder  
  98  8:57  Missile Turret  
  98  8:58  Missile Turret  
  98  8:59  Missile Turret  
  98  9:02  Marine x4  
  100  9:05  Marine  
  100  9:07  Widow Mine  
  100  9:08  Widow Mine  
  107  9:11  Medivac  
  107  9:16  Marauder  
  111  9:20  Medivac, Marine x4  
  111  9:22  Marine  
  118  9:30  SCV x3  
  121  9:34  Missile Turret  
  121  9:36  Refinery  
  121  9:37  Marine  
  121  9:38  Liberator, Marine x4  
  124  9:40  Marine  
  127  9:51  Widow Mine x2  
  127  9:52  Medivac  
  135  9:55  Marauder, Marine  
  135  9:56  Marine x2  
  141  10:01  Supply Depot  
  141  10:02  Supply Depot  
  141  10:05  Liberator  
  141  10:06  Supply Depot  
  141  10:20  Liberator  
  141  10:22  Marine x2, SCV x3  
  141  10:23  Widow Mine x2, Marine  
  141  10:28  Marine  
  153  10:29  Marine x2  
  156  10:40  Marine x2  
  156  10:41  Marine  
  162  10:46  Marine x3  
  162  10:47  Supply Depot x2  
  162  10:48  Liberator  
  162  10:49  Supply Depot  
  165  10:55  Widow Mine  
  165  10:56  Widow Mine  
  164  10:58  Marine  
  114  11:19  Marine  
  114  11:20  Marine x4  
  115  11:27  Barracks  
  115  11:29  Barracks  
  115  11:30  Barracks  
  111  11:36  Marauder  
  111  11:37  Terran Infantry Weapons Level 3, Terran Infantry Armor Level 3, Marine  
  111  11:38  Marine x3  
  111  11:39  Marauder  
  119  11:46  SCV x2  
  119  11:47  SCV  
  122  11:51  Refinery  
  122  11:53  Command Center  
  122  12:00  Marine  
  122  12:01  Marauder x2, Marine x3  
  128  12:04  Widow Mine x2  
  134  12:17  Supply Depot x2  
  134  12:18  Marine  
  134  12:19  Marine x3  
  138  12:30  Liberator  
  138  12:34  SCV x3  
  138  12:35  Marauder, Marine  
  147  12:38  Barracks Tech Lab, Barracks Reactor x2  
  147  12:42  Marine  
  147  12:43  Marine x2  
  147  12:44  Widow Mine x2  
  147  12:46  Medivac  
  156  12:53  Marauder  
  156  12:56  Marauder  
  153  13:09  Marauder, Marine x4  
  156  13:13  Widow Mine x2  
  156  13:15  Marauder  
  156  13:16  Orbital Command, Medivac  
  156  13:17  Marine  
  165  13:27  Marine x2  
  165  13:30  Medivac  
  165  13:33  Marine  
  172  13:34  Marauder, Marine x5  
  172  13:36  Marauder, Marine  
  180  13:41  Widow Mine x2  
  180  13:44  Marine  
  180  13:45  Marine  
  180  13:46  Medivac  
  186  13:51  Marine  
  186  13:52  Marine  
  162  14:07  Marauder x3, Marine x6  
  162  14:09  Marine x2  
  162  14:24  Medivac x2  
  165  14:40  Marauder x2, Marine  
  165  14:41  Marauder, Marine x5  
  165  14:42  Marine x2  
  179  14:54  Widow Mine  
  179  14:58  Liberator x2, Marine x2  
  179  14:59  Marine x6  
  187  15:01  Marauder  
  187  15:02  Marauder x2  
  176  15:34  Widow Mine  
  176  15:35  Widow Mine  
  176  15:36  Marauder  
Show
View Real Time Build Order
Export as new Build Order

Blackmetal Protoss 

Build Orders:  

Get SALT Encoding   

  12  0:01  Probe (Chrono Boost)  
  13  0:12  Probe (Chrono Boost)  
  14  0:20  Pylon  
  14  0:22  Probe (Chrono Boost)  
  15  0:38  Probe (Chrono Boost)  
  15  0:39  Gateway  
  16  0:43  Assimilator  
  16  0:48  Probe (Chrono Boost)  
  17  0:59  Probe (Chrono Boost)  
  18  1:10  Probe (Chrono Boost)  
  19  1:19  Pylon  
  19  1:20  Probe (Chrono Boost)  
  20  1:27  Cybernetics Core  
  20  1:33  Probe (Chrono Boost)  
  21  1:43  Probe (Chrono Boost)  
  22  1:48  Nexus  
  23  1:54  Probe (Chrono Boost)  
  23  2:02  Assimilator  
  23  2:04  Probe (Chrono Boost)  
  23  2:05  Warp Gate  
  24  2:09  Adept  
  26  2:19  Pylon  
  26  2:21  Probe (Chrono Boost)  
  27  2:31  Probe (Chrono Boost)  
  27  2:36  Adept  
  30  2:42  Probe (Chrono Boost)  
  31  3:02  Probe (Chrono Boost)  
  31  3:04  Adept  
  34  3:09  Gateway  
  34  3:11  Gateway  
  34  3:12  Probe (Chrono Boost)  
  35  3:23  Probe (Chrono Boost)  
  34  3:44  Gateway  
  36  3:53  Probe (Chrono Boost)  
  37  3:56  Probe (Chrono Boost), Nexus  
  38  4:04  Probe (Chrono Boost)  
  38  4:07  Probe (Chrono Boost)  
  38  4:14  Probe (Chrono Boost)  
  39  4:25  Adept x3  
  39  4:27  Probe (Chrono Boost)  
  39  4:28  Probe (Chrono Boost)  
  47  4:36  Assimilator  
  47  4:38  Probe x2 (Chrono Boost)  
  49  4:42  Assimilator  
  49  4:48  Probe (Chrono Boost)  
  49  4:49  Probe (Chrono Boost)  
  51  4:59  Probe x2 (Chrono Boost)  
  53  5:08  Pylon  
  53  5:09  Pylon  
  53  5:13  Robotics Facility  
  53  5:15  Twilight Council  
  53  5:20  Probe x3 (Chrono Boost)  
  56  5:27  Pylon  
  56  5:31  Probe x3 (Chrono Boost)  
  59  5:41  Probe x2 (Chrono Boost)  
  53  6:28  Adept x3  
  53  6:29  Adept  
  53  6:32  Resonating Glaives  
  59  6:44  Probe (Chrono Boost), Gateway x2  
  59  6:45  Probe x2 (Chrono Boost)  
  59  6:46  Gateway  
  62  6:48  Assimilator  
  62  6:49  Assimilator, Gateway  
  62  6:51  Pylon x2  
  62  6:52  Pylon x2  
  62  6:55  Probe x3 (Chrono Boost)  
  62  6:56  Pylon  
  65  7:05  Probe (Chrono Boost)  
  65  7:06  Probe (Chrono Boost)  
  67  7:08  Adept  
  67  7:09  Adept x3  
  67  7:14  Probe (Chrono Boost)  
  76  7:16  Probe x2 (Chrono Boost)  
  78  7:38  Adept  
  78  7:39  Adept x2  
  84  7:49  Adept  
  86  7:53  Observer  
  87  8:15  Observer  
  74  8:26  Adept x4  
  78  8:27  Adept x3  
  78  8:28  Adept  
  86  8:35  Forge  
  86  8:39  Forge  
  86  8:41  Forge  
  80  8:42  Templar Archives  
  80  8:49  Adept x3  
  80  8:50  Adept x5  
  96  9:06  Probe x3 (Chrono Boost)  
  99  9:16  Probe (Chrono Boost)  
  99  9:17  Probe x2 (Chrono Boost)  
  102  9:21  Adept x3  
  102  9:22  Adept x4  
  102  9:23  Adept  
  118  9:26  Psionic Storm, Protoss Ground Armor Level 1 (Chrono Boost), Protoss Ground Weapons Level 1 (Chrono Boost)  
  118  9:27  Protoss Shields Level 1 (Chrono Boost)  
  118  9:31  Nexus  
  118  9:34  Assimilator  
  118  9:38  Assimilator  
  118  9:39  Charge  
  118  9:46  Pylon  
  118  9:47  Pylon  
  118  9:49  Pylon  
  118  9:51  Pylon, Adept  
  118  9:52  Adept x2  
  116  10:37  Adept  
  116  10:38  Adept x6  
  116  10:39  Adept  
  132  10:45  Mothership Core  
  114  11:02  Adept x4  
  114  11:03  Adept x4  
  104  11:20  Blink  
  104  11:23  Stalker x3  
  104  11:24  Stalker x3  
  104  11:25  Stalker x2  
  100  11:39  Probe x2  
  101  11:40  Probe  
  101  11:49  Protoss Ground Weapons Level 2 (Chrono Boost), Protoss Shields Level 2 (Chrono Boost), Protoss Ground Armor Level 2 (Chrono Boost)  
  101  11:51  Probe x2  
  101  11:52  Probe  
  104  12:03  Nexus  
  104  12:07  Assimilator, Gateway  
  104  12:09  Gateway  
  104  12:10  Assimilator  
  104  12:11  Gateway  
  104  12:12  Pylon  
  104  12:14  Gateway  
  104  12:15  Pylon  
  104  12:16  Gateway  
  104  12:17  Pylon  
  104  12:18  Gateway, Adept x4  
  104  12:19  Pylon, Adept x4  
  120  12:48  High Templar x5  
  120  12:49  High Templar x3  
  136  13:26  High Templar x2  
  136  13:27  High Templar x5, Nexus  
  142  13:28  High Templar x5  
  142  13:29  High Templar  
  142  13:30  High Templar  
  142  13:31  Assimilator  
  163  13:38  Archon x5  
  163  13:39  Archon x2  
  87  14:15  Zealot x3  
  87  14:16  Zealot x6  
  87  14:17  Zealot x4  
  93  14:18  Zealot  
  73  14:38  Stalker x4  
  60  14:39  Stalker x4  
  60  14:40  Stalker  
  60  14:41  Stalker x2  
  60  14:42  Stalker x3  
  72  15:11  Adept x3  
  72  15:12  Adept x2  
  72  15:13  Adept x2  
  72  15:14  Adept  
  72  15:15  Adept x2  
  44  15:50  High Templar x4  
  44  15:51  High Templar x2  
  44  15:53  Zealot x2  
  60  15:59  Archon x2  
  60  16:00  Archon  
Show
View Real Time Build Order
Export as new Build Order

MrPeitsche Zerg 

Build Orders: Hatch First, Ravager All-In 

Get SALT Encoding   

  12  0:01  Drone  
  13  0:13  Overlord  
  13  0:17  Drone  
  14  0:31  Drone x2  
  14  0:35  Drone  
  17  0:59  Hatchery  
  17  1:01  Drone  
  17  1:13  Spawning Pool  
  17  1:16  Drone  
  17  1:19  Extractor  
  17  1:25  Drone  
  17  1:26  Drone  
  17  1:31  Drone  
  19  1:41  Drone  
  20  1:49  Extractor  
  20  1:50  Drone  
  20  2:00  Queen  
  22  2:05  Overlord  
  22  2:13  Queen  
  24  2:18  Drone  
  24  2:19  Drone  
  24  2:22  Overlord  
  26  2:28  Zergling x2  
  27  2:32  Drone  
  28  2:44  Roach Warren  
  28  2:46  Drone  
  28  2:47  Drone  
  29  3:05  Drone  
  30  3:06  Drone x3, Overlord  
  33  3:26  Roach x4  
  41  3:38  Roach x4  
  49  3:42  Overlord  
  49  3:51  Spine Crawler  
  48  3:59  Ravager  
  48  4:00  Ravager x4  
  48  4:01  Ravager, Overlord  
  52  4:16  Roach  
  52  4:17  Roach x2  
  51  4:22  Drone x3  
  53  4:32  Drone x3  
  56  4:41  Drone x3  
  59  4:52  Queen  
  61  4:53  Drone  
  61  4:54  Drone  
  63  5:14  Hatchery  
  63  5:15  Evolution Chamber  
  63  5:18  Evolution Chamber, Ravager  
  61  5:21  Drone x3  
  61  5:22  Drone  
  65  5:30  Lair  
  45  6:06  Roach x10  
  59  6:24  Zerg Missile Weapons Level 1  
  59  6:29  Evolution Chamber  
  59  6:30  Spire  
  59  6:32  Extractor  
  56  6:34  Drone x5, Extractor  
  60  6:48  Drone x5  
  60  6:51  Extractor  
  64  6:59  Drone x5  
  69  7:10  Pneumatized Carapace  
  69  7:15  Overlord  
  69  7:19  Queen  
  69  7:21  Extractor  
  70  7:25  Glial Reconstitution  
  70  7:31  Drone x4, Overlord x3  
  74  7:52  Mutalisk x6  
  86  8:00  Zerg Flyer Weapons Level 1  
  86  8:01  Drone  
  86  8:02  Drone x3  
  89  8:26  Mutalisk  
  84  8:27  Mutalisk x4  
  94  8:36  Zergling x2  
  94  8:37  Zergling x6  
  94  8:38  Overlord x2  
  98  8:49  Overlord x3  
  98  9:02  Roach x6  
  110  9:03  Drone  
  111  9:18  Mutalisk x4  
  111  9:21  Drone x2  
  121  9:37  Mutalisk x3  
  127  9:38  Zergling x2  
  127  9:39  Zergling x2, Baneling Nest  
  128  10:00  Drone x2  
  130  10:11  Zergling x2  
  130  10:12  Zergling x14  
  130  10:13  Zerg Melee Weapons Level 1  
  138  10:14  Zerg Ground Armor Level 1  
  138  10:17  Infestation Pit  
  135  10:37  Baneling  
  135  10:38  Baneling x20  
  135  10:45  Hatchery  
  98  11:08  Mutalisk x8  
  98  11:10  Zergling x4  
  98  11:11  Zergling x6  
  77  11:20  Zergling x2  
  77  11:21  Zergling x4  
  80  11:26  Pathogen Glands  
  80  11:31  Metabolic Boost  
  80  11:48  Drone x8  
  80  11:49  Hive  
  80  11:51  Zerg Flyer Weapons Level 2  
  88  11:56  Queen  
  88  11:59  Drone x2  
  92  12:15  Zerg Ground Armor Level 2, Zerg Melee Weapons Level 2  
  92  12:29  Spine Crawler  
  91  12:31  Spine Crawler, Spore Crawler  
  89  12:37  Zergling x2  
  89  12:38  Zergling x16  
  89  12:40  Drone  
  94  13:15  Ultralisk Cavern  
  94  13:18  Extractor  
  94  13:19  Extractor  
  91  13:22  Zergling x2  
  91  13:23  Zergling x36  
  91  13:24  Zergling x2  
  111  13:32  Hatchery  
  85  14:15  Ultralisk x4  
  85  14:16  Ultralisk x5  
  133  14:19  Zergling x2  
  133  14:20  Zergling x20  
  133  14:23  Chitinous Plating  
  136  14:54  Zergling x12  
  122  15:14  Zergling x2, Ultralisk  
  92  15:15  Zergling x16  
  95  15:40  Zergling x8  
  95  15:41  Zergling x12  
  91  15:53  Zergling x10  
Tags
 
Add a new tag
Caveats
  • Supply blocks, unpowered buildings, or Contaminate may cause inaccurate times.
  • Supply counts are checked every 10 seconds.